Cogmind - Beta 14 @@@ ROGUE MODE // 2024.10.19 @ 19:49:36 Player: Proroxy Result: Destroyed by L-31 Rogue with Katana Performance ------------- Evolutions (2) 1000 Regions Visited (3) 600 Robots Destroyed (27) 135 Value Destroyed (762) 762 Prototype IDs (0) 0 Alien Tech Used (0) 0 Bonus (0) 0 TOTAL SCORE: 2497 Bonus ------- None Cogmind --------- Core Integrity 0/550 Matter 51/300 Energy 136/265 System Corruption 0% Temperature Cool (0) Movement Core (150) Ox2 Location -8/Materials Parts ------- > --- POWER (2) -------- Improved Ion Engine > --- PROPULSION (4) --- (None) > --- UTILITY (3) ------ (None) > --- WEAPON (2) ------- Small Laser > --- INVENTORY (5) ---- Minigun Improved Datajack Improved Datajack Peak State ------------ > --- POWER ------------ Ion Engine Ion Engine > --- PROPULSION ------- Armored Treads Armored Treads Armored Treads > --- UTILITY ---------- Reaction Control System Core Shielding > --- WEAPON ----------- Minigun Minigun > --- INVENTORY -------- Aluminum Leg Aluminum Leg Improved Aluminum Leg Small Laser Hammer [Rating: 21] Favorites ----------- Power Ion Engine Engine Ion Engine Power Core Light Nuclear Core Propulsion Aluminum Leg Treads Armored Treads Leg Aluminum Leg Wheel Compact Wheel Utility Heat Sink Device Heat Sink Storage Small Storage Unit Protection Light Armor Plating Weapon Minigun Energy Gun Medium Laser Ballistic Gun Minigun Ballistic Cannon Assault Cannon Special Melee Weapon Datajack Build | -11 -10 -9 -8 ------- Run | Yrd Mat Mat Mat Slots Evolved 4 | . . 2 2 Power 1 | . . 1 . Propulsion 2 | . . 1 1 Utility 1 | . . . 1 Weapon . | . . . . Parts Attached 52 | 7 5 28 12 Power 9 | 1 . 4 4 Engine 6 | 1 . 4 1 Core 3 | . . . 3 Reactor . | . . . . Propulsion 16 | 2 . 11 3 Treads 3 | . . 3 . Leg 9 | . . 6 3 Wheel 4 | 2 . 2 . Hover . | . . . . Flight . | . . . . Utility 11 | 2 1 7 1 Device 6 | 1 1 3 1 Storage 2 | 1 . 1 . Processor . | . . . . Hackware . | . . . . Protection 3 | . . 3 . Artifact . | . . . . Weapon 16 | 2 4 6 4 Energy Gun 6 | 1 1 2 2 Energy Cannon . | . . . . Ballistic Gun 5 | 1 1 3 . Ballistic Cannon 2 | . . . 2 Launcher . | . . . . Special Weapon . | . . . . Impact Weapon . | . . . . Slashing Weapon . | . . . . Piercing Weapon . | . . . . Special Melee Weapon 3 | . 2 1 . Unidentified Prototypes . | . . . . Parts Lost 24 | . 1 13 10 Power 8 | . . 4 4 Propulsion 5 | . . 2 3 Utility 5 | . . 4 1 Weapon 6 | . 1 3 2 Highest Loss Streak 10 | . 1 8 10 To Critical Strikes 3 | . . 2 1 Average Slot Usage (%) 86 | . 99 87 62 Engine 13 | . 14 15 5 Core 1 | . . . 8 Treads 5 | . . 9 . Leg 12 | . . 14 20 Wheel 10 | . 28 6 . Device 10 | . 14 10 4 Storage 7 | . 14 4 8 Protection 2 | . . 4 . Energy Gun 7 | . 12 5 3 Ballistic Gun 11 | . 8 15 2 Ballistic Cannon 1 | . . . 10 Special Melee Weapon 1 | . 6 . . Peak Build Rating 21 | 9 9 21 17 Average Rating 11 | 5 8 13 12 On Entrance 7 | . 9 7 14 Naked Turns 3 | . . . 3 Heaviest Build 25 | 12 12 21 25 Greatest Support 60 | 32 32 60 40 Greatest Overweight (x) 4 | . . 1 4 Average Overweight (x) . | . . . . Largest Inventory Capacity 8 | 8 8 8 5 Average Capacity 6 | 7 8 5 5 Most Carried 8 | 5 8 7 5 Average Carried 4 | 2 7 4 2 Final Capacity 8 | 8 8 5 5 Final Carried 7 | 5 7 4 3 Class Distribution -------------------- 67% | Mutant 32% | Scavenger-Mutant Dominant Class ---------------- Mutant | -10/Materials Mutant | -9/Materials Scavenger-Mutant | -8/Materials Resources | -11 -10 -9 -8 ----------- Run | Yrd Mat Mat Mat Matter Collected 848 | 281 50 347 170 Remotely . | . . . . Salvage Created 876 | 79 84 523 190 Parts 58 | 5 2 38 13 Haulers Intercepted . | . . . . Recyclers Shooed . | . . . . Parts Field Recycled . | . . . . Retrieved Matter . | . . . . Parts Self-Destructed . | . . . . Prevented . | . . . . Kills | -11 -10 -9 -8 ------- Run | Yrd Mat Mat Mat Combat Hostiles Destroyed 22 | . 2 15 5 Guns 18 | . 2 15 1 Cannons 4 | . . . 4 Classes Destroyed 9 | 3 1 4 1 Worker 1 | 1 . . . Tunneler 2 | 1 . 1 . Recycler 1 | 1 . . . Watcher 1 | . . . 1 Swarmer 6 | . . 6 . Grunt 12 | . 2 6 4 Brawler 1 | . . 1 . Duelist 1 | . . 1 . Sentry 2 | . . 1 1 Best Kill Streak 5 | 1 2 5 3 Combat Bots Only 5 | . 2 5 2 Max Kills in Single Turn 2 | 1 1 2 1 Gunslinging 1 | . . 1 . Exploded . | . . . . Melee . | . . . . Uniques/NPCs Destroyed . | . . . . Combat | -11 -10 -9 -8 -------- Run | Yrd Mat Mat Mat Hostile Shots Fired 381 | . 15 216 150 Missed 124 | . 5 72 47 Damage Taken 3378 | . 139 1817 1422 Core 946 | . 70 313 563 Absorbed by Shields . | . . . . Core Remaining (%) 64 | 100 72 21 . Volleys Fired 126 | 11 13 68 34 Largest 2 | 2 2 2 2 Hottest 88 | 70 70 81 88 Shots Fired 203 | 22 18 106 57 Gun 154 | 22 18 106 8 Cannon 49 | . . . 49 Launcher . | . . . . Special . | . . . . Kinetic 139 | 11 5 72 51 Thermal 64 | 11 13 34 6 Explosive . | . . . . Electromagnetic . | . . . . Robot Hit Streak 9 | 5 9 9 8 Robot Miss Streak 5 | 3 2 5 3 Penetration Max . | . . . . Secondary Targets 2 | . . 2 . Max Gunslinging Chain 1 | . . 1 . Shots Hit Robots 133 | 13 16 65 39 Core Hits 50 | 6 6 23 15 Critical Kills 1 | . . 1 . Critical Parts Destroyed . | . . . . Critical Strikes 6 | . 3 3 . Burn 5 | . 3 2 . Destroy 1 | . . 1 . Melee Attacks 5 | . 3 2 . Impact . | . . . . Slashing . | . . . . Piercing . | . . . . Sneak Attacks 1 | . 1 . . Combat Hostiles . | . . . . Follow-up Attacks . | . . . . Damage Inflicted 1933 | 129 159 767 878 Guns 1135 | 129 159 767 80 Cannons 798 | . . . 798 Explosions . | . . . . Melee . | . . . . Ramming . | . . . . Kinetic 1358 | 42 34 469 813 Thermal 575 | 87 125 298 65 Explosive . | . . . . Electromagnetic . | . . . . Impact . | . . . . Slashing . | . . . . Piercing . | . . . . Highest Corruption 28 | . . 28 . Average Corruption 26 | . . 26 . Corruption Purged . | . . . . Corruption Blocked . | . . . . Effects 45 | . . 45 . Message Errors 7 | . . 7 . Matter Fused 6 | . . 6 . Heat Flow Errors 4 | . . 4 . Energy Discharges 3 | . . 3 . Parts Rejected 2 | . . 2 . Data Loss (minor) 5 | . . 5 . Data Loss (major) 3 | . . 3 . Misfires 1 | . . 1 . Alerts 2 | . . 2 . Misdirections 1 | . . 1 . Weapon Failures 11 | . . 11 . Overload Shots . | . . . . Overflow Damage . | . . . . Projectiles . | . . . . Explosions . | . . . . Melee . | . . . . Knockbacks 20 | . . . 20 Impact . | . . . . Kinetic 18 | . . . 18 Secondary 2 | . . . 2 Self-Inflicted Damage . | . . . . Shots . | . . . . Rammed . | . . . . Targets Rammed . | . . . . Kicked . | . . . . Crushed . | . . . . Highest Temperature 260 | 80 155 260 72 Average Temperature 46 | 31 64 57 25 Received Heat Transfer 792 | . 81 414 297 Effects 1 | . . 1 . Energy Bleed 1 | . . 1 . Siege Activations . | . . . . Robots Corrupted . | . . . . Combat Hostiles . | . . . . Parts Fried . | . . . . Impact Corruptions . | . . . . Robots Melted . | . . . . Combat Hostiles . | . . . . Parts Melted 2 | . 1 1 . Heat Transferred 2000 | 259 592 999 150 Parts Sabotaged . | . . . . Parts Stolen . | . . . . Parts Stripped . | . . . . Power Chain Reactions . | . . . . Alert | -11 -10 -9 -8 ------- Run | Yrd Mat Mat Mat Peak Influence 270 | 15 85 270 166 Initial 48 | . 9 35 48 Average 100 | 5 34 142 109 Maximum Alert Level 1 | . . 1 . Low Security (%) 94 | 100 100 88 100 Level 1 5 | . . 11 . Level 2 . | . . . . Level 3 . | . . . . Level 4 . | . . . . Level 5 . | . . . . High Security . | . . . . Max Security . | . . . . Squads Dispatched 4 | . . 2 2 Investigation 2 | . . 1 1 Extermination . | . . . . Reinforcement 2 | . . 1 1 Assault . | . . . . Garrison . | . . . . Intercept . | . . . . Searches Triggered . | . . . . Construction Impeded 1 | . . . 1 Haulers Reinforced . | . . . . Active Scanning Responses . | . . . . Cargo Convoy Interrupts . | . . . . Stealth | -11 -10 -9 -8 --------- Run | Yrd Mat Mat Mat Distress Signals 3 | . . . 3 Communications Jammed . | . . . . Distress Signals . | . . . . Times Spotted 54 | . 6 36 12 Peak Tracking Total 9 | . 2 7 9 Tactical Retreats 5 | . 1 4 . Traps | -11 -10 -9 -8 ------- Run | Yrd Mat Mat Mat Traps Triggered 1 | . . 1 . Indirectly . | . . . . Trap Hack Attempts . | . . . . Triggered . | . . . . Disarmed . | . . . . Reprogrammed . | . . . . Reused . | . . . . Traps Extracted . | . . . . Installed . | . . . . Triggered . | . . . . Machines | -11 -10 -9 -8 ---------- Run | Yrd Mat Mat Mat Machines Disabled 1 | . . . 1 Max in Single Turn 1 | . . . 1 Machines Repaired . | . . . . Machines Dismantled . | . . . . Machines Sabotaged . | . . . . Overloaded Fab Kills . | . . . . Hacking | -11 -10 -9 -8 --------- Run | Yrd Mat Mat Mat Machines Accessed 6 | . 3 2 1 Terminals 5 | . 3 1 1 Fabricators . | . . . . Repair Stations . | . . . . Recycling Units . | . . . . Scanalyzers 1 | . . 1 . Garrison Access . | . . . . Total Hacks 18 | . 8 6 4 Successful 11 | . 4 6 1 Failed 7 | . 4 . 3 Catastrophic . | . . . . Database Lockouts . | . . . . Manual . | . . . . Terminals 14 | . 8 2 4 Fabricators . | . . . . Repair Stations . | . . . . Recycling Units . | . . . . Scanalyzers 4 | . . 4 . Garrison Access . | . . . . Terminal Hacks 7 | . 4 2 1 Record 4 | . 1 2 1 Alert Level 2 | . 2 . . Unreport Threat 1 | . 1 . . Fabricator Hacks . | . . . . Repair Station Hacks . | . . . . Recycling Unit Hacks . | . . . . Scanalyzer 4 | . . 4 . Insert Component 2 | . . 2 . Analyze 2 | . . 2 . Garrison Access Hacks . | . . . . Unauthorized Hacks . | . . . . Terminals . | . . . . Fabricators . | . . . . Repair Stations . | . . . . Recycling Units . | . . . . Scanalyzers . | . . . . Garrison Access . | . . . . Data Cores Recovered . | . . . . Used . | . . . . Hacking Detections 6 | . 3 2 1 Full Trace Events 1 | . . . 1 Feedback Events . | . . . . Feedback Blocked . | . . . . Robot Schematics Acquired . | . . . . Robots Built . | . . . . Authchips . | . . . . Time . | . . . . Total Robot Build Rating . | . . . . Part Schematics Acquired 2 | . . 2 . Parts Built . | . . . . Authchips . | . . . . Time . | . . . . Total Part Build Rating . | . . . . Parts Repaired . | . . . . Time . | . . . . Parts Recycled . | . . . . Recycled Matter . | . . . . Retrieved Matter . | . . . . Retrieved Components . | . . . . Parts Scanalyzed 2 | . . 2 . Part Schematics Acquired 2 | . . 2 . Parts Damaged . | . . . . Bothacking | -11 -10 -9 -8 ------------ Run | Yrd Mat Mat Mat Used RIF Installer . | . . . . Robots Hacked 3 | . 2 1 . Non-combat 2 | . 2 . . Combat 1 | . . 1 . Robot Hacks Applied 4 | . 3 1 . parse_system 3 | . 2 1 . no_distress 1 | . 1 . . Relay Couplers Released . | . . . . Fabnet Peak Effective % . | . . . . Robots Rewired . | . . . . Allies Hacked . | . . . . Hacks Repelled . | . . . . Allies | -11 -10 -9 -8 -------- Run | Yrd Mat Mat Mat Total Allies . | . . . . Largest Group . | . . . . Highest-Rated Group . | . . . . Highest-Rated Ally . | . . . . Total Orders . | . . . . Ally Attacks . | . . . . Total Damage . | . . . . Kills . | . . . . Allies Corrupted . | . . . . Allies Melted . | . . . . Intel | -11 -10 -9 -8 ------- Run | Yrd Mat Mat Mat Robot Analysis Total . | . . . . Derelict Logs Recovered . | . . . . Drone Launches . | . . . . Drone Recoveries . | . . . . Exploration | -11 -10 -9 -8 ------------- Run | Yrd Mat Mat Mat Turns Passed 1570 | 136 358 816 260 Spaces Moved 943 | 89 313 428 113 Core 9 | 4 . . 5 Treads 137 | . . 136 1 Legs 319 | . . 212 107 Wheels 478 | 85 313 80 . Hover . | . . . . Flight . | . . . . Fastest Speed 50 | 50 100 90 50 Average Speed 117 | 97 100 131 127 Slowest Speed 250 | 100 100 190 250 Overloaded Moves . | . . . . Propulsion Burnouts . | . . . . Robots Hopped . | . . . . Cave-ins Triggered . | . . . . Exploration Rate (%) 26 | 4 40 42 18 Regions Visited 3 Branch Regions . Pre-discovered Areas . | . . . . Known Exits Taken . | . . . . Unknown Exits Taken 3 | 1 1 1 . Scrap Searched . | . . . . Spaces Dug . | . . . . Terrain Destroyed 4 | . . . 4 Melee . | . . . . Projectile 4 | . . . 4 AOE . | . . . . Terrain Rammed . | . . . . Walls Destroyed . | . . . . Machines Disabled . | . . . . Actions | -11 -10 -9 -8 --------- Run | Yrd Mat Mat Mat Total 1207 | 118 338 577 174 Wait 15 | . . 14 1 Move 940 | 88 312 427 113 Hop . | . . . . Pick Up 51 | 12 4 26 9 Fast Attach . | . . . . Attach 33 | 7 1 15 10 Detach 2 | . . . 2 Swap 19 | . 4 13 2 Drop 16 | . 1 12 3 Fire 126 | 11 13 68 34 Melee 5 | . 3 2 . Ram . | . . . . Kick . | . . . . Crush . | . . . . Escape Stasis . | . . . . Rewire . | . . . . Trap . | . . . . Miscellaneous . | . . . . Route ------- -11/Scrapyard -10/Materials -9/Materials -8/Materials History --------- Turn | Location | Event 22 | -11/Scrapyard | Discovered new exit (range 15) 137 | -11/Scrapyard | Entered Materials 303 | -10/Materials | Build established: Mutant 465 | -10/Materials | Discovered new exit (range 15) 495 | -10/Materials | Entered another Materials area 495 | -9/Materials | Evolved 2 slots: Power x1, Propulsion x1 627 | -9/Materials | System corruption reached 10% 687 | -9/Materials | Lost 8 parts (2p2n2u2w) 949 | -9/Materials | Build established: Scavenger-Mutant 1171 | -9/Materials | Core integrity fell below 50% 1263 | -9/Materials | Build established: Mutant 1301 | -9/Materials | Discovered new exit (range 7) 1311 | -9/Materials | Entered another Materials area 1311 | -8/Materials | Evolved 2 slots: Propulsion x1, Utility x1 1549 | -8/Materials | Core integrity fell below 50% 1565 | -8/Materials | Core integrity fell below 20% 1571 | -8/Materials | Destroyed by L-31 Rogue with Katana Last Messages --------------- G-47 Trooper destroyed. Slug penetrates U-05 Engineer. Lgt. Nuclear Core destroyed. L-31 Rogue knocked back. Penetrated by Slug. Critical hit (Destroy). Assault Cannon destroyed. Penetrated by Slug. Hcp. Matter Pod severed. Acquired 50 matter. U-05 Engineer builds a Door. Acquired 7 matter. Slug penetrates Wall. Acquired Imp. Datajack. Slug penetrates Door. U-05 Engineer builds a Door. K-01 Serf collects debris. Slug penetrates L-31 Rogue. K-01 Serf collects debris. Slug penetrates Wall. Map ----- +----------------------------------------------------+ | ?????????????????????????????????????????????????? | | ?????????????????????????????????????????????????? | | ?????????????????????????????????????????????????? | | ?????????????????????????????????????????????????? | | ?????????????????????????????????????????????????? | | ?????????????????????????????????????????????????? | | ?????????????????????????????????????????????????? | | ?????????????????????????????????????????????????? | | ?????????????????????????????????????????????????? | | ?????????????????????????????????????????????????? | | ?????????????????????????????????????????????????? | | ?????????????????????????????????????????????????? | | ?????????????????????????????????????????????????? | | ?????????????????????????????????????????????????? | | ?????????????????????????????????????????????????? | | ?????????????????????????????????????????????????? | | ?????????????????????????????????????????????????? | | ???????????????????????????????????????????? ????? | | ?????????????????????????????? ????????????? ????? | | ??????????????????##########? #??????????? ????? | | ??????????????????# #? #??????????? ????? | | ??????????????????# #? #??????????? ????? | | ??????????????????# === #? #??????????? ????? | | ??????????????????# == #? #??????????? ????? | | ??????????????????# == #? #??????????# #???? | | ??????????????????# @ ## +??????????# #???? | | ??????????????????# l%## ^#??????????# #???? | | ??????????????????# ! !## #??????????# #???? | | ?????????????????## = hh ##!% ##?????????# #???? | | ??????????? #######/###% ##????????# #???? | | ??????????# % % ##?????##?# #???? | | ??????????# %% =%* #????###"##+##### | | ??????????# % k% % #????# + | | ??????????? #####+########## % ###### ] ### | | ??????????????? ??????????## ### # ] ### | | ??????????????#?????????????# #"" T # + + | | ????????????????????????????# #?Y # ### | | ????????????????????????????# #?" !# #?# | | ????????????????????????????# #?# # #?# | | ????????????????????????????# #?# #! #?# | | ???????????????????????????## ### # #?# | | ???????????????????????????# ###+######+###### | | ???????????????????????????# | | ???????????????????????????# | | ???????????????????????????# | | ???????????????????????????# ########+######## | | ???????????????????????????#######???# #??? | | ?????????????????????????????????????# """#??? | | ?????????????????????????????????????# ! """#??? | | ????????????????????????????????????#" """#??? | +----------------------------------------------------+ Best States ------------- Heat Dissipation 41 Energy Generation 23 Energy Capacity 400 Matter Stores 300 Matter Capacity 500 Sight Range 16 Terrain Scan Range 16 Terrain Scan Density 10 Armor Coverage 150 Core Shielding 20 Evasion (%) 63 Recoil Reduction 3 Item Schematics ----------------- Imp. Terrain Scanner | -9/Materials | Scanalyzed Wheel | -9/Materials | Scanalyzed Robot Schematics ------------------ None Fabricated ------------ Nothing Alien Tech Used ----------------- None Achievements -------------- Everything Is Under Control Oops Challenges ------------ None Game ------ Seed GyrokineticHoverStorm Manual? 0 Play Time 00:47:25 Cumulative 5.9 hours Start 2024.10.19 @ 19:01:28 End 2024.10.19 @ 19:49:36 Sessions 1 Manual Loads 0 Difficulty Rogue Special Mode None Game No. 9 Rogue 9 Adventurer 0 Explorer 0 Win Type - Total 0 Types 0/0/0/0/0/0/0/0/0 Lore% 1 Gallery% 6 Achievement% 7 Wizard Run 0 Options --------- Layout 1 ASCII 0 Keyboard 1 Movement Numpad Keybinds 0 Fullscreen 1 Font 24/Smallcaps Map View 50x35 Zoom Use 0% Tactical HUD 0 Map Filters NONE Filters NONE Steam 1 RUN: d2d1a750-a270-4e86-a912-dbafd51aa017